 Dungeon Crawl Stone Soup version 0.22.1-1-ga44c0e5 (webtiles) character file.

174 schauveau the Archer (level 5, -4/61 HPs)
             Began as a Centaur Hunter on Oct 11, 2018.
             Killed from afar by an orc wizard (6 damage)
             ... with a puff of frost
             ... on level 3 of the Dungeon.
             The game lasted 00:04:09 (2303 turns).

schauveau the Archer (Centaur Hunter)               Turns: 2303, Time: 00:04:10

Health: -4/61      AC: 22    Str: 20    XL:     5   Next: 28%
Magic:  5/5        EV:  1    Int: 10    God:
Gold:   181        SH:  0    Dex: 10    Spells: 4/4 levels left

rFire    . . .     SeeInvis .   b - +0 mace (protect)
rCold    . . .     Gourm    .   (no shield)
rNeg     + + +     Faith    .   (armour currently unavailable)
rPois    +         Spirit   .   (helmet currently unavailable)
rElec    .         Reflect  .   (cloak currently unavailable)
rCorr    .         Harm     .   (gloves currently unavailable)
MR       .....     NoTele   +   (no barding)
Stlth    +.........             (no amulet)
HPRegen  0.20/turn              h - ring of poison resistance
MPRegen  0.09/turn              r - ring of wizardry

@: mighty, tree-form
A: large
a: no special abilities


You were on level 3 of the Dungeon.
You were not hungry.
You were a tree.
You visited 1 branch of the dungeon, and saw 3 of its levels.

You collected 181 gold pieces.

Inventory:

Hand Weapons
 a - a +1 shortbow
 b - a +0 mace of protection (weapon)
Missiles
 d - 77 arrows
 m - 16 poisoned needles
 t - 18 sling bullets
 u - 2 curare-tipped needles
Armour
 c - a +0 leather armour (melded)
 g - a +0 helmet (melded)
Jewellery
 h - a ring of poison resistance (left branch)
 r - a ring of wizardry (right branch)
Scrolls
 e - 5 scrolls of remove curse {unknown}
 i - 2 scrolls of magic mapping {unknown}
 j - a scroll of blinking {unknown}
 k - a scroll of enchant armour {unknown}
 l - 2 scrolls of teleportation {unknown}
 o - a scroll of random uselessness {unknown}
 s - 2 scrolls of identify {unknown}
Comestibles
 f - 7 rations


   Skills:
 - Level 2.0 Fighting
 * Level 8.8 Bows
 - Level 1.3 Dodging
 - Level 0.4 Stealth


You had 4 spell levels left.
You didn't know any spells.
Your spell library was empty.

Dungeon Overview and Level Annotations

Branches:
Dungeon (3/15)

Altars:
Qazlal

Annotations:
D:3 Natasha


Innate Abilities, Weirdness & Mutations

((You have hooves in place of feet.))
((Armour fits poorly on your strangely shaped body.))
((You cover ground very quickly.))
((You have extremely tough skin. (AC +3)))


Message History

Something hits you.
* * * LOW HITPOINT WARNING * * *
It was a potion of might.
You feel very mighty all of a sudden. Something hits you.
* * * LOW HITPOINT WARNING * * *
You hear some strange, mumbled words.
A puff of frost appears from out of thin air!
The puff of frost hits you!
* * * LOW HITPOINT WARNING * * *
It was a potion of lignification.
You turn into a tree.
Your +0 helmet melds into your body.
Your +0 leather armour melds into your body.
Your roots penetrate the ground.
Something hits you but does no damage.
It was a potion of flight.
Your roots keep you in place.
Something hits you.
* * * LOW HITPOINT WARNING * * *
You hear some strange, mumbled words.
A puff of frost appears from out of thin air!
The puff of frost hits you!
You die...

....... ##.# #....####
######## ##.## #.......#
..## #.#
##...####.....##
..%###.# #.#.#.# #....##
.... #.# ##...## #.####
... #.# ##.## #.#
..####.####### #.# #.#
......o......# #.# #.#
..o....#####.# #♣# #.#
..####.#####.###{#####.#
... #.................#
... #.........#.#######
.... #######.#.#.# ....
#.#.#.# ...oo #.#....
#.#.### ..#.#


There were no monsters in sight!

Vanquished Creatures
  A howler monkey (D:3)
  Natasha (D:3)
  An orc wizard (D:3)
  An adder (D:3)
  An ooze (D:3)
  2 worms
  4 dart slugs
  3 leopard geckos
  An orc (D:3)
  3 giant cockroaches
  12 hobgoblins
  3 jackals (D:1)
  A ball python (D:3)
  3 bats
  3 frilled lizards
  5 goblins
  4 kobolds
  11 rats
60 creatures vanquished.

Notes
Turn   | Place    | Note
-------+----------+-------------------------------------------
     0 | D:1      | schauveau the Centaur Hunter began the quest for the Orb.
     0 | D:1      | Reached XP level 1. HP: 17/17 MP: 1/1
   421 | D:1      | Reached XP level 2. HP: 16/24 MP: 2/2
   469 | D:1      | Reached skill level 6 in Bows
   875 | D:1      | Reached XP level 3. HP: 23/29 MP: 3/3
  1268 | D:2      | Reached skill level 7 in Bows
  1652 | D:3      | Reached XP level 4. HP: 35/36 MP: 4/4
  1675 | D:3      | Noticed an earth elemental
  1677 | D:3      | Found a stormy altar of Qazlal.
  1679 | D:3      | Noticed a fire elemental
  1689 | D:3      | Noticed an air elemental
  1689 | D:3      | Noticed a water elemental
  1745 | D:3      | Reached skill level 8 in Bows
  1843 | D:3      | Noticed Natasha
  1859 | D:3      | Killed Natasha
  1859 | D:3      | Reached XP level 5. HP: 6/41 MP: 5/5
  1867 | D:3      | Noticed Natasha
  2303 | D:3      | HP: 2/61 [something (3)]
  2303 | D:3      | Killed from afar by an orc wizard

Skill      XL: |  1  2  3  4 |
---------------+-------------+-----
Bows           | 6 7 8 |  8.8
Fighting       | |  2.0
Dodging        | |  1.3
Stealth        | |  0.4

Action                   |  1- 3 |  4- 6 || total
-------------------------+-------+-------++-------
Melee: Short sword       |    27 |       ||    27
       Mace              |   104 |    62 ||   166
       Kick              |    23 |    17 ||    40
  Use: Potion            |       |     5 ||     5
  Eat: Chunk             |     1 |     2 ||     3
Armor: Leather armour    |    59 |    35 ||    94
Dodge: Dodged            |    62 |    32 ||    94
